 Dungeon Crawl Stone Soup version 0.29.0-4-gdea44cf6ec (webtiles) character file.

Game seed: 7445323171556341125

77 qw the Chopper (level 4, 0/26 HPs)
             Began as a Tengu Warper on Aug 28, 2022.
             Slain by Sigmund
             ... wielding a +0 scythe
              (6 damage)
             ... on level 2 of the Dungeon.
             The game lasted 00:00:06 (1527 turns).

qw the Chopper (Tengu Warper)                       Turns: 1527, Time: 00:00:06

Health: 0/26       AC:  5    Str: 13    XL:     4   Next: 33%
Magic:  8/8        EV: 11    Int: 13    God:
Gold:   127        SH:  0    Dex: 14    Spells: 7/7 levels left

rFire   . . .      SeeInvis .   Y - +0 hand axe
rCold   . . .      Faith    .   (no shield)
rNeg    . . .      Spirit   .   f - +0 ring mail
rPois   .          Reflect  .   (helmet restricted)
rElec   .          Harm     .   (no cloak)
rCorr   .          Rampage  .   (no gloves)
Will    .....                   (boots unavailable)
Stlth   +.........              (no amulet)
HPRegen 0.08/turn               (no ring)
MPRegen 0.11/turn               (no ring)

@: no status effects
A: beak, talons 3
a: no special abilities


You were on level 2 of the Dungeon.
You visited 1 branch of the dungeon, and saw 2 of its levels.

You collected 127 gold pieces.


Innate Abilities, Weirdness & Mutations

You have a beak for a mouth.
You have claws for feet.


   Skills:
 - Level 2.0 Fighting
 + Level 4.9 Axes
 - Level 1.0 Throwing
 - Level 1.1 Armour
 - Level 2.1 Dodging
 - Level 2.0 Spellcasting
 - Level 2.4 Translocations


You had 7 spell levels left.
You didn't know any spells.
Your spell library contained the following spells:

 Spells                   Type           Power      Damage    Failure   Level
 Blink                    Tloc           14%        N/A       30%         2
 Gell's Gravitas          Tloc           7%         N/A       52%         3
 Lesser Beckoning         Tloc           7%         N/A       52%         3
 Teleport Other           Tloc           7%         N/A       52%         3
 Manifold Assault         Tloc           7%         N/A       99%         5

Inventory:

Hand Weapons
 d - a +0 flail
 Y - a +0 hand axe (weapon)
Armour
 e - a +0 scale mail
 f - a +0 ring mail (worn)
Scrolls
 a - a scroll of teleportation {unknown}
 c - a scroll of torment {unknown}
Potions
 b - a potion of ambrosia {unknown}
 g - a potion of flight {unknown}

Dungeon Overview and Level Annotations

Branches:
Dungeon (2/15)

Altars:

Annotations:
D:2 Sigmund


Message History

Deactivating autopickup; reactivate with Ctrl-A.
Found a scroll of vulnerability.
Found a stone staircase leading up.
Enter note:
Enter note:
Enter note: The endoplasm hits you but does no damage.
You slash the endoplasm!
You kill the endoplasm!
A giant cockroach comes into view.
Something hits you. Something hits you but does no damage.
You closely miss the giant cockroach.
A magic dart appears from out of thin air!
The magic dart hits you!
The giant cockroach bites you but does no damage.
You hit the giant cockroach but do no damage.
Your kick misses the giant cockroach.
The giant cockroach bites you but does no damage.
Something hits you but does no damage. The giant cockroach barely misses you.
You closely miss the giant cockroach. Something hits you but does no damage.
The giant cockroach closely misses you.
You completely miss the giant cockroach.
Your kick misses the giant cockroach. Your peck misses the giant cockroach.
The giant cockroach bites you but does no damage.
You barely miss the giant cockroach.
You claw the giant cockroach, but do no damage.
Something hits you but does no damage.
The giant cockroach bites you but does no damage.
You hit the giant cockroach but do no damage.
Your kick misses the giant cockroach. The giant cockroach closely misses you.
Something hits you. The giant cockroach barely misses you.
You closely miss the giant cockroach. The giant cockroach bites you.
A magic dart appears from out of thin air!
The magic dart hits you!
You barely miss the giant cockroach.
The giant cockroach bites you but does no damage.
Something hits you.
You die...

# #..##..# # #......# #
#..#...# # ##..#...# #
.......# # ..####......#
########
.......B.!..#####.......
#####.@.{#.#>..........
#..........#..##.......
#.###....###...........
###....###.##########
......................
.....#..###.##########
...<..#..###.........#
.?...................##
.........###...........


You could see a giant cockroach.

Vanquished Creatures
  Terence (D:2)
  3 adders (D:2)
  A ball python (D:1)
  2 endoplasms (D:2)
  3 goblins
  2 hobgoblins
  6 bats
  A frilled lizard (D:1)
  3 kobolds
  2 rats (D:1)
24 creatures vanquished.

Notes
Turn   | Place    | Note
-------+----------+-------------------------------------------
     0 | D:1      | qw the Tengu Warper began the quest for the Orb.
     0 | D:1      | Reached XP level 1. HP: 12/12 MP: 4/4
     0 | D:1      | 0 ||| qw: Version: 0.1-a-89-g26bdef1
     0 | D:1      | 0 ||| qw: Game counter: 494
     0 | D:1      | 0 ||| qw: Always use a shield: true
     0 | D:1      | 0 ||| qw: God list: Okawaru
     0 | D:1      | 0 ||| qw: Allow faded altars: false
     0 | D:1      | 0 ||| qw: Do Orc after D:15 true
     0 | D:1      | 0 ||| qw: Do second Lair branch before Depths: true
     0 | D:1      | 0 ||| qw: Lair rune preference: random
     0 | D:1      | 0 ||| qw: Plans: Normal
     0 | D:1      | 0 ||| PLANNING D:1-11
   541 | D:1      | Reached XP level 2. HP: 17/17 MP: 6/6
   566 | D:1      | Reached skill level 3 in Axes
   753 | D:1      | 753 ||| UPGRADING to +0 ring mail.
   763 | D:1      | 763 ||| DROPPING +0 leather armour.
   764 | D:1      | 764 ||| READING scroll labelled TINYECW RUTTIO.
   765 | D:1      | 765 ||| READING scroll labelled SEONIE VUVILYCRU.
   766 | D:1      | 766 ||| DROPPING scroll of blinking.
   844 | D:2      | Reached XP level 3. HP: 21/21 MP: 7/7
   969 | D:2      | Found a faded altar of an unknown god.
   974 | D:2      | 974 ||| Stepping ~*~*~tactically~*~*~ (stealth).
   981 | D:2      | Reached skill level 4 in Axes
  1038 | D:2      | Noticed Terence
  1052 | D:2      | HP: 5/21 [Terence/+0 flail (2)]
  1053 | D:2      | Killed Terence
  1054 | D:2      | Reached XP level 4. HP: 6/26 MP: 8/8
  1334 | D:2      | 1334 ||| DROPPING +0 club.
  1514 | D:2      | Noticed Sigmund
  1526 | D:2      | HP: 6/26 [something/magic dart (8)]
  1527 | D:2      | Slain by Sigmund

Levels and vault maps discovered:
D:1:      dpeg_arrival_renting, layout_basic, minmay_misc_feat_tiny,
          minivault_25, minmay_misc_feat_plants
D:2:      layout_basic, chequers_ecumenical_altar_simple, uniq_sigmund,
          uniq_natasha, uniq_terence

Skill      XL: |  1  2  3 |
---------------+----------+-----
Axes           | 3 4 |  4.9
Fighting       | |  2.0
Throwing       | |  1.0
Armour         | |  1.1
Dodging        | |  2.1
Spellcasting   | |  2.0
Translocations | |  2.4

Action                   |  1- 3 |  4- 6 || total
-------------------------+-------+-------++-------
Melee: Hand axe          |    45 |    14 ||    59
       Peck              |    14 |       ||    14
       Kick              |    11 |     2 ||    13
Throw: Boomerang         |     7 |       ||     7
  Use: Scroll            |     2 |       ||     2
Armor: Leather armour    |     6 |       ||     6
       Ring mail         |     5 |    12 ||    17
Dodge: Dodged            |    20 |     5 ||    25

Table legend:
 A = Non-vault XP
 B = Vault XP
 C = Vault XP percentage of total XP
 D = Non-vault monster count
 E = Vault monster count
 F = Vault count percentage of total count
                 A         B        C        D         E       F
            +---------+---------+-------+---------+---------+-------
      Total |      72 |      38 |  34.5 |      23 |       1 |   4.2
            +---------+---------+-------+---------+---------+-------
        D:1 |      19 |       0 |   0.0 |      13 |       0 |   0.0
        D:2 |      53 |      38 |  41.8 |      10 |       1 |   9.1
            +---------+---------+-------+---------+---------+-------
